 Dungeon Crawl Stone Soup version 0.23.2-1-ga50397a (webtiles) character file.

Game seed: 1309961246506158461

107 xveg the Bolt Thrower (level 4, -7/37 HPs)
             Began as a Centaur Hunter on May 9, 2019.
             Mangled by an orc
             ... wielding a +2 whip of electrocution
              (12 damage)
             ... on level 3 of the Dungeon.
             The game lasted 00:03:29 (1903 turns).

xveg the Bolt Thrower (Centaur Hunter)              Turns: 1903, Time: 00:03:29

Health: -7/37      AC:  4    Str: 15    XL:     4   Next: 56%
Magic:  4/4        EV:  9    Int: 10    God:
Gold:   174        SH:  0    Dex: 10    Spells: 3/3 levels left

rFire    . . .     SeeInvis .   a - +1 hand crossbow
rCold    . . .     Gourm    .   (no shield)
rNeg     . . .     Faith    .   c - +0 leather armour
rPois    .         Spirit   .   (no helmet)
rElec    .         Reflect  .   (no cloak)
rCorr    .         Harm     .   (no gloves)
MR       .....                  (no barding)
Stlth    +.........             (no amulet)
HPRegen  0.12/turn              (no ring)
MPRegen  0.09/turn              (no ring)

@: very quick
A: large, hooves 3, deformed body, speed 2, tough skin 3
a: no special abilities


You were on level 3 of the Dungeon.
You were not hungry.

You visited 1 branch of the dungeon, and saw 3 of its levels.

You collected 174 gold pieces.

Inventory:

Hand Weapons
 a - a +1 hand crossbow (weapon)
 b - a +0 short sword
 t - a +0 blowgun
Missiles
 o - 47 sling bullets
 s - 4 curare-tipped needles
Armour
 c - a +0 leather armour (worn)
Jewellery
 j - an uncursed amulet of guardian spirit {unknown}
Scrolls
 e - 2 scrolls of remove curse {unknown}
 g - 2 scrolls of teleportation {unknown}
 h - a scroll of fear {unknown}
 i - 2 scrolls of amnesia {unknown}
 l - a scroll of magic mapping {unknown}
 m - a scroll of enchant armour {unknown}
 q - a scroll of noise {unknown}
 r - a scroll of blinking {unknown}
Potions
 k - 2 potions of brilliance {unknown}
 n - a potion of mutation {unknown}
Comestibles
 f - 5 rations


   Skills:
 + Level 2.4 Fighting
 + Level 0.7 Short Blades
 + Level 5.8 Crossbows
 + Level 0.9 Armour
 + Level 1.5 Dodging
 + Level 0.5 Stealth


You had 3 spell levels left.
You didn't know any spells.
Your spell library was empty.

Dungeon Overview and Level Annotations

Branches:
Dungeon (3/15)

Altars:


Innate Abilities, Weirdness & Mutations

You have hooves in place of feet.
Armour fits poorly on your strangely shaped body.
You cover ground very quickly.
You have extremely tough skin. (AC +3)


Message History

You shoot a bolt. The bolt closely misses the orc.
The orc hits you with a +2 whip of electrocution.
You are electrocuted!
* * * LOW HITPOINT WARNING * * *
Throwing (i - inventory)
p - 2 silver tomahawks (quivered)
Press: ? - help, Shift-Dir - straight line, f/p - orc
Aim: an orc, wielding a +2 whip of electrocution (moderately wounded)
You throw a silver tomahawk.
The silver tomahawk closely misses the orc.
An orc comes into view. It is wielding a +0 short sword.
The orc barely misses you.
Throwing (i - inventory)
p - a silver tomahawk (quivered)
Press: ? - help, Shift-Dir - straight line, f/p - orc
Aim: an orc, wielding a +2 whip of electrocution (moderately wounded)
You throw a silver tomahawk. The silver tomahawk hits the orc.
The orc is almost dead.
The orc hits you with a +2 whip of electrocution.
* * * LOW HITPOINT WARNING * * *
You are electrocuted!
You die...

## .. ## #.
...###.#####
..... ...# ##
... ...# ...
#.###.##..##....
..
#o(.)o@.......#
#.#
(.##(####..###.#
.... #..#
.#.....
#..###.#...
#.)...)...
.#####.###.#..
............#
..######....#
#....####.


You could see 2 orcs.

Vanquished Creatures
  2 adders (D:2)
  3 adder skeletons (D:2)
  An adder zombie (D:2)
  2 worms (D:2)
  3 dart slugs
  A leopard gecko (D:3)
  7 orcs (D:3)
  3 bat skeletons (D:2)
  A bat zombie (D:2)
  4 giant cockroaches
  4 goblins
  5 hobgoblins
  A quokka (D:2)
  A ball python (D:3)
  A ball python skeleton (D:2)
  2 bats
  4 frilled lizards
  4 kobolds
  3 leopard gecko zombies (D:2)
  8 rats
60 creatures vanquished.

Notes
Turn   | Place    | Note
-------+----------+-------------------------------------------
     0 | D:1      | xveg the Centaur Hunter began the quest for the Orb.
     0 | D:1      | Reached XP level 1. HP: 17/17 MP: 1/1
   243 | D:1      | Reached XP level 2. HP: 24/24 MP: 2/2
   319 | D:1      | Reached skill level 5 in Crossbows
   912 | D:2      | Reached XP level 3. HP: 29/29 MP: 3/3
  1327 | D:2      | Reached XP level 4. HP: 37/37 MP: 4/4
  1903 | D:3      | Mangled by an orc

Skill      XL: |  1  2 |
---------------+-------+-----
Crossbows      | 5 |  5.8
Fighting       | |  2.4
Short Blades   | |  0.7
Armour         | |  0.9
Dodging        | |  1.5
Stealth        | |  0.5

Action                   |  1- 3 |  4- 6 || total
-------------------------+-------+-------++-------
Melee: Short sword       |    20 |    11 ||    31
       Kick              |     5 |       ||     5
 Fire: Hand crossbow     |   100 |    42 ||   142
Throw: Tomahawk          |       |     2 ||     2
  Eat: Ration            |       |     1 ||     1
Armor: Leather armour    |    17 |     1 ||    18
Dodge: Dodged            |    25 |     3 ||    28
